NYP
TRI-CITY VALLEYCATS @ VANCOUVER CANADIANS
08/03/2048
 
TOP OF THE 1ST
Tri-City ValleyCats batting - Pitching for Vancouver Canadians : RHP Danny Cervantes
Pitching: RHP Danny Cervantes
Batting: RHB Omar Amaya 0-0: Ball
1-0: Called Strike
1-1: Called Strike
1-2: Ground out 5-3 (Groundball, 56, EV 98.1 MPH)
Batting: LHB Jackson Trottier 0-0: Ball
1-0: Ground out 4-3 (Groundball, 34D, EV 101.2 MPH)
Batting: LHB Josh Corkery 0-0: Ball
1-0: Foul Ball, location: 2F
1-1: Swinging Strike
1-2: Strikes out swinging
Top of the 1st over - 0 runs, 0 hits, 0 errors, 0 left on base; Tri-City 0 - Vancouver 0
BOTTOM OF THE 1ST
Vancouver Canadians batting - Pitching for Tri-City ValleyCats : RHP Shitoshi Sai
Pitching: RHP Shitoshi Sai
Batting: RHB Kennet Strijbis 0-0: Called Strike
0-1: Ball
1-1: Swinging Strike
1-2: Fly out, F6 (Line Drive, 6D, EV 66.9 MPH)
Batting: RHB Elliot Manfredini 0-0: Ball
1-0: Ball
2-0: Fly out, F7 (Line Drive, 7, EV 101.9 MPH)
Batting: LHB Devin Huber 0-0: Fly out, F8 (Flyball, 8LM, EV 87.5 MPH)
Bottom of the 1st over - 0 runs, 0 hits, 0 errors, 0 left on base; Tri-City 0 - Vancouver 0
TOP OF THE 2ND
Tri-City ValleyCats batting - Pitching for Vancouver Canadians : RHP Danny Cervantes
Batting: RHB Dinand Brouwer 0-0: Fly out, F7 (Flyball, 7, EV 85.6 MPH)
Batting: LHB Wade Girard 0-0: Called Strike
0-1: Ball
1-1: Ground out 6-3 (Groundball, 6, EV 102.5 MPH)
Batting: RHB Kieron Clark 0-0: Ball
1-0: Foul Ball, location: 2F
1-1: Foul Ball, location: 2F
1-2: Foul Ball, location: 2F
1-2: Strikes out swinging
Top of the 2nd over - 0 runs, 0 hits, 0 errors, 0 left on base; Tri-City 0 - Vancouver 0
BOTTOM OF THE 2ND
Vancouver Canadians batting - Pitching for Tri-City ValleyCats : RHP Shitoshi Sai
Batting: RHB Carlos Renteria 0-0: Ball
1-0: Ball
2-0: Ground out 6-3 (Groundball, 4MD, EV 109.4 MPH)
Batting: RHB Ricky Carbajal 0-0: Foul Ball, location: 2F
0-1: Ball
1-1: Ground out U3 (Groundball, 34S, EV 83.8 MPH)
Batting: RHB Dan Hilyer 0-0: Ball
1-0: Called Strike
1-1: Ball
2-1: Ball
3-1: Base on Balls
Batting: RHB Gary Wilson 0-0: Ball
1-0: Ball
2-0: Ground out 4-3 (Groundball, 4, EV 103.1 MPH)
Bottom of the 2nd over - 0 runs, 0 hits, 0 errors, 1 left on base; Tri-City 0 - Vancouver 0
TOP OF THE 3RD
Tri-City ValleyCats batting - Pitching for Vancouver Canadians : RHP Danny Cervantes
Batting: RHB Juan Mendoza 0-0: Ball
1-0: Swinging Strike
1-1: Ball
2-1: Ground out 6-3 (Groundball, 6, EV 77.5 MPH)
Batting: RHB Steve Moore 0-0: Called Strike
0-1: SINGLE (Groundball, 34D, EV 108.8 MPH)
Batting: RHB Jamie Youngs 0-0: Ball
Wild Pitch!
Steve Moore to second
1-0: Called Strike
1-1: Foul Ball, location: 2F
1-2: Ball
2-2: SINGLE (Line Drive, 34, EV 99.4 MPH)
Steve Moore to third
Batting: RHB Omar Amaya 0-0: Ball
1-0: Ball
2-0: Fly out, F8 (Flyball, 8LD, EV 74.4 MPH)
Runner from 3rd tags up, OUT at HOME! 8-2
Top of the 3rd over - 0 runs, 2 hits, 0 errors, 1 left on base; Tri-City 0 - Vancouver 0
BOTTOM OF THE 3RD
Vancouver Canadians batting - Pitching for Tri-City ValleyCats : RHP Shitoshi Sai
Batting: RHB Mike Johnson 0-0: Ball
1-0: Ball
2-0: Ball
3-0: Called Strike
3-1: Ground out 6-3 (Groundball, 6, EV 110.0 MPH)
Batting: RHB David Cooper 0-0: Called Strike
0-1: Ball
1-1: Ground out 5-3 (Groundball, 56S, EV 62.5 MPH)
Batting: RHB Kennet Strijbis 0-0: Ball
1-0: Ground out U3 (Groundball, 34S, EV 86.2 MPH)
Bottom of the 3rd over - 0 runs, 0 hits, 0 errors, 0 left on base; Tri-City 0 - Vancouver 0
TOP OF THE 4TH
Tri-City ValleyCats batting - Pitching for Vancouver Canadians : RHP Danny Cervantes
Batting: LHB Jackson Trottier 0-0: Ball
1-0: Called Strike
1-1: Swinging Strike
1-2: Ball
2-2: Strikes out swinging
Batting: LHB Josh Corkery 0-0: Ball
1-0: Swinging Strike
1-1: Swinging Strike
1-2: Ball
2-2: Foul Ball, location: 2F
2-2: Strikes out looking
Batting: RHB Dinand Brouwer 0-0: Called Strike
0-1: Foul Ball, location: 2F
0-2: DOUBLE (Flyball, 8RXD, EV 101.2 MPH)
Batting: LHB Wade Girard 0-0: Ball
1-0: Ball
2-0: Ball
3-0: Called Strike
3-1: Called Strike
3-2: Ground out 5-3 (Groundball, 56, EV 85.0 MPH)
Top of the 4th over - 0 runs, 1 hit, 0 errors, 1 left on base; Tri-City 0 - Vancouver 0
BOTTOM OF THE 4TH
Vancouver Canadians batting - Pitching for Tri-City ValleyCats : RHP Shitoshi Sai
Batting: RHB Elliot Manfredini 0-0: Ball
1-0: Ball
2-0: Ball
3-0: Called Strike
3-1: Called Strike
3-2: Fly out, F9 (Flyball, 9, EV 87.5 MPH)
Batting: LHB Devin Huber 0-0: Called Strike
0-1: Ball
1-1: SINGLE (Line Drive, 4D, EV 103.8 MPH)
Batting: RHB Carlos Renteria 0-0: Ball
1-0: Called Strike
1-1: DOUBLE (Line Drive, 89XD, EV 101.2 MPH)
Devin Huber to third
Batting: RHB Ricky Carbajal 0-0: Called Strike
0-1: DOUBLE (Line Drive, 3D, EV 96.2 MPH)
Devin Huber scores
Carlos Renteria scores
Batting: RHB Dan Hilyer 0-0: Ball
1-0: Called Strike
1-1: Ball
2-1: Called Strike
Ricky Carbajal steals 3rd base
2-2: Hit by Pitch
Batting: RHB Gary Wilson 0-0: Ball
1-0: Ground out 5-3 (Groundball, 56S, EV 68.1 MPH)
Ricky Carbajal scores
Dan Hilyer to second
Batting: RHB Mike Johnson 0-0: Foul Ball, location: 2F
0-1: Ball
1-1: TRIPLE (Flyball, 9LD, EV 102.5 MPH)
Dan Hilyer scores
Batting: RHB David Cooper 0-0: Ball
1-0: Ball
2-0: Foul Ball, location: 2F
2-1: Ball
3-1: Base on Balls
Batting: RHB Kennet Strijbis 0-0: Swinging Strike
0-1: Ball
1-1: Called Strike
1-2: Ball
2-2: TRIPLE (Line Drive, 89XD, EV 110.6 MPH)
Mike Johnson scores
David Cooper scores
Pitching: RHP Addick Huiberts
Batting: RHB Elliot Manfredini 0-0: Ball
1-0: Called Strike
1-1: Ball
2-1: Called Strike
2-2: Ball
3-2: Strikes out looking
Bottom of the 4th over - 6 runs, 5 hits, 0 errors, 1 left on base; Tri-City 0 - Vancouver 6
TOP OF THE 5TH
Tri-City ValleyCats batting - Pitching for Vancouver Canadians : RHP Danny Cervantes
Batting: RHB Kieron Clark 0-0: Ball
1-0: Ball
2-0: Called Strike
2-1: Swinging Strike
2-2: Ball
3-2: Fly out, F8 (Flyball, 8RXD, EV 88.8 MPH)
Batting: RHB Juan Mendoza 0-0: Ball
1-0: Called Strike
1-1: Called Strike
1-2: Ball
2-2: Foul Ball, location: 2F
2-2: Ground out 6-3 (Groundball, 6D, EV 106.9 MPH)
Batting: RHB Steve Moore 0-0: Called Strike
0-1: Ball
1-1: Called Strike
1-2: Strikes out swinging
Top of the 5th over - 0 runs, 0 hits, 0 errors, 0 left on base; Tri-City 0 - Vancouver 6
BOTTOM OF THE 5TH
Vancouver Canadians batting - Pitching for Tri-City ValleyCats : RHP Addick Huiberts
Batting: LHB Devin Huber 0-0: Ball
1-0: Ball
2-0: Ball
3-0: Base on Balls
Batting: RHB Carlos Renteria 0-0: SINGLE (Groundball, 6MS, EV 75.6 MPH) (infield hit)
Devin Huber to second
Batting: RHB Ricky Carbajal 0-0: Foul Ball, location: 2F
0-1: Fly out, F7 (Flyball, 7LSF, EV 94.4 MPH)
Batting: RHB Dan Hilyer 0-0: Ball
1-0: SINGLE (Groundball, 6MS, EV 64.4 MPH) (infield hit)
Devin Huber to third
Carlos Renteria to second
Batting: RHB Gary Wilson 0-0: Foul Ball, location: 2F
0-1: Ball
1-1: Foul Ball, location: 2F
1-2: Ball
2-2: Ground out 6-3 (Groundball, 6S, EV 72.5 MPH)
Devin Huber scores
Carlos Renteria to third
Dan Hilyer to second
Batting: RHB Mike Johnson 0-0: Ball
1-0: Ground out 6-3 (Groundball, 6MD, EV 86.2 MPH)
Bottom of the 5th over - 1 run, 2 hits, 0 errors, 2 left on base; Tri-City 0 - Vancouver 7
TOP OF THE 6TH
Tri-City ValleyCats batting - Pitching for Vancouver Canadians : RHP Danny Cervantes
Batting: RHB Jamie Youngs 0-0: Called Strike
0-1: Swinging Strike
0-2: Ball
1-2: Strikes out swinging
Batting: RHB Omar Amaya 0-0: Ball
1-0: Swinging Strike
1-1: Ball
2-1: Swinging Strike
2-2: Ball
3-2: Strikes out swinging
Batting: LHB Jackson Trottier 0-0: Ball
1-0: Called Strike
1-1: Ball
2-1: Foul Ball, location: 2F
2-2: Fly out, F8 (Flyball, 8LD, EV 92.5 MPH)
Top of the 6th over - 0 runs, 0 hits, 0 errors, 0 left on base; Tri-City 0 - Vancouver 7
BOTTOM OF THE 6TH
Vancouver Canadians batting - Pitching for Tri-City ValleyCats : RHP Addick Huiberts
Batting: RHB David Cooper 0-0: Ball
1-0: Called Strike
1-1: Foul Ball, location: 2F
1-2: Foul Ball, location: 2F
1-2: Foul Ball, location: 2F
1-2: Foul Ball, location: 2F
1-2: Ball
2-2: Strikes out looking
Batting: RHB Kennet Strijbis 0-0: Swinging Strike
0-1: Ball
1-1: Ball
2-1: Foul Ball, location: 2F
2-2: Foul Ball, location: 2F
2-2: Foul Ball, location: 2F
2-2: Strikes out swinging
Batting: RHB Elliot Manfredini 0-0: Fly out, F6 (Line Drive, 6, EV 70.6 MPH)
Bottom of the 6th over - 0 runs, 0 hits, 0 errors, 0 left on base; Tri-City 0 - Vancouver 7
TOP OF THE 7TH
Tri-City ValleyCats batting - Pitching for Vancouver Canadians : RHP Danny Cervantes
Pinch Hitting: RHB To-wai Chen 0-0: Ball
1-0: Ground out 5-3 (Groundball, 56, EV 104.4 MPH)
Pinch Hitting: RHB Drew Coleman 0-0: Called Strike
0-1: Swinging Strike
0-2: Foul Ball, location: 2F
0-2: Ball
1-2: Ball
2-2: Foul Ball, location: 2F
2-2: Strikes out swinging
Pinch Hitting: LHB Lou Toth 0-0: Called Strike
0-1: Called Strike
0-2: Strikes out swinging
Top of the 7th over - 0 runs, 0 hits, 0 errors, 0 left on base; Tri-City 0 - Vancouver 7
BOTTOM OF THE 7TH
Vancouver Canadians batting - Pitching for Tri-City ValleyCats : RHP Addick Huiberts
Now at 1B: Luis Hinostroza
Now at SS: Drew Coleman
Now in LF: Lou Toth
Batting: LHB Devin Huber 0-0: Ground out 4-3 (Groundball, 4, EV 99.4 MPH)
Pinch Hitting: RHB Braydon Pinsent 0-0: Ball
1-0: Ball
2-0: Ball
3-0: Foul Ball, location: 2F
3-1: Base on Balls
Batting: RHB Ricky Carbajal 0-0: Ball
Braydon Pinsent is caught stealing 2nd base 2-4
1-0: Ball
2-0: Called Strike
2-1: Ball
3-1: Foul Ball, location: 2F
3-2: Base on Balls
Batting: RHB Dan Hilyer 0-0: Ball
Wild Pitch!
Ricky Carbajal to second
1-0: Ball
2-0: 2-RUN HOME RUN (Line Drive, 7LD, EV 100.6 MPH), Distance : 368 ft
Pinch Hitting: RHB Bruce Ayotte 0-0: Called Strike
0-1: Called Strike
0-2: Ball
1-2: SINGLE (Groundball, 56, EV 101.9 MPH) (infield hit)
Batting: RHB Mike Johnson 0-0: Ball
1-0: Ball
2-0: Foul Ball, location: 2F
2-1: SINGLE (Groundball, 23, EV 70.0 MPH) (infield hit)
Bruce Ayotte to second
Pitching: RHP Max Warburton
Batting: RHB David Cooper 0-0: 3-RUN HOME RUN (Flyball, 7D, EV 97.5 MPH), Distance : 382 ft
Batting: RHB Kennet Strijbis 0-0: Ball
1-0: Ball
2-0: Called Strike
2-1: Foul Ball, location: 2F
2-2: Foul Ball, location: 2F
2-2: Ground out 5-3 (Groundball, 56S, EV 83.8 MPH)
Bottom of the 7th over - 5 runs, 4 hits, 0 errors, 0 left on base; Tri-City 0 - Vancouver 12
TOP OF THE 8TH
Tri-City ValleyCats batting - Pitching for Vancouver Canadians : RHP Danny Cervantes
Now at 1B: Braydon Pinsent
Now at 2B: Norm Mercer
Now at SS: Kennet Strijbis
Batting: RHB Kieron Clark 0-0: Called Strike
0-1: Ball
1-1: Called Strike
1-2: Ball
2-2: Ball
3-2: Fly out, F8 (Flyball, 78XD, EV 89.4 MPH)
Batting: RHB Juan Mendoza 0-0: Fly out, F4 (Popup, 4S, EV 75.6 MPH)
Batting: RHB Steve Moore 0-0: Ball
1-0: Called Strike
1-1: Called Strike
1-2: Ball
2-2: Ball
3-2: Fly out, F8 (Line Drive, 8RS, EV 99.4 MPH)
Top of the 8th over - 0 runs, 0 hits, 0 errors, 0 left on base; Tri-City 0 - Vancouver 12
BOTTOM OF THE 8TH
Vancouver Canadians batting - Pitching for Tri-City ValleyCats : RHP Max Warburton
Batting: RHB Elliot Manfredini 0-0: Called Strike
0-1: Ball
1-1: Ball
2-1: Ball
3-1: Base on Balls
Batting: LHB Devin Huber 0-0: Ball
1-0: Called Strike
1-1: Foul Ball, location: 2F
1-2: Grounds into double play, 4-6-3 (Groundball, 4S, EV 80.6 MPH)
Batting: RHB Braydon Pinsent 0-0: Ball
1-0: Swinging Strike
1-1: SINGLE (Groundball, 56S, EV 63.1 MPH) (infield hit)
Batting: RHB Ricky Carbajal 0-0: Swinging Strike
0-1: Swinging Strike
0-2: Strikes out swinging
Bottom of the 8th over - 0 runs, 1 hit, 0 errors, 1 left on base; Tri-City 0 - Vancouver 12
TOP OF THE 9TH
Tri-City ValleyCats batting - Pitching for Vancouver Canadians : RHP Danny Cervantes
Pitching: LHP Trevor Kelley
Batting: RHB Jamie Youngs 0-0: Called Strike
0-1: Ball
1-1: Ground out 5-3 (Groundball, 5, EV 102.5 MPH)
Batting: RHB Omar Amaya 0-0: Ground out 6-3 (Groundball, 6, EV 84.4 MPH)
Batting: LHB Jackson Trottier 0-0: Fly out, F7 (Line Drive, 7D, EV 103.8 MPH)
Top of the 9th over - 0 runs, 0 hits, 0 errors, 0 left on base; Tri-City 0 - Vancouver 12
Tuesday, March 28th , 2023 - OOTP Baseball 23.10 Build 110